 Dungeon Crawl Stone Soup version 0.26-a0-466-g989023bd0d (webtiles) character file.

Game seed: 9599196481768778723

4840 gruber the Destroyer (level 10, 0/68 HPs)
             Began as an Octopode Conjurer on Aug 7, 2020.
             Was a Priest of Vehumet.
             Slain by a troll (11 damage)
             ... on level 10 of the Dungeon on Aug 8, 2020.
             The game lasted 00:16:34 (13589 turns).

gruber the Destroyer (Octopode Conjurer)           Turns: 13589, Time: 00:16:35

Health: 0/68       AC:  1    Str:  8    XL:     10   Next: 49%
Magic:  0/17       EV: 14    Int: 23    God:    Vehumet [***...]
Gold:   405        SH:  5    Dex: 16    Spells: 13/19 levels left

rFire    . . .     SeeInvis .   H - +8 hand axe
rCold    + . .     Faith    .   G - +0 buckler
rNeg     . . .     Spirit   +   (helmet restricted)
rPois    .         Reflect  .   z - amulet of guardian spirit
rElec    .         Harm     .   c - ring of protection from magic
rCorr    .                      B - ring of protection from cold
MR       +....                  L - +6 ring of dexterity
Stlth    +++.......             (no ring)
HPRegen  0.21/turn              (no ring)
MPRegen  0.15/turn              (no ring)
                                (no ring)
                                (no ring)

@: no status effects
A: almost no armour, stealthy swim, amphibious, 8 rings, constrict 8, camouflage
1, gelatinous body 1
a: Renounce Religion


You were on level 10 of the Dungeon.
You worshipped Vehumet.
Vehumet was most pleased with you.
You visited 1 branch of the dungeon, and saw 10 of its levels.
You also visited: Sewer and Ossuary.

You collected 513 gold pieces.
You spent 108 gold pieces at shops.

Inventory:

Hand Weapons
 E - a +1 dagger of venom
 H - a +8 hand axe (weapon)
Missiles
 a - 7 javelins (quivered)
Armour
 G - a +0 buckler (worn)
Jewellery
 c - a ring of protection from magic (left tentacle)
 z - an amulet of guardian spirit (around mantle)
 B - a ring of protection from cold (right tentacle)
 L - a +6 ring of dexterity (on tentacle)
Wands
 n - a wand of paralysis (7)
 A - a wand of iceblast (1)
 J - a wand of flame (27)
 M - a wand of clouds (1)
 P - a wand of enslavement (15)
Scrolls
 b - 5 scrolls of remove curse {unknown}
 e - 7 scrolls of teleportation {unknown}
 g - 14 scrolls of identify {unknown}
 h - 5 scrolls of amnesia {unknown}
 k - 4 scrolls of fog {unknown}
 m - a scroll of fear {unknown}
 q - 2 scrolls of magic mapping {unknown}
 v - 2 scrolls of immolation {unknown}
 w - 2 scrolls of blinking {unknown}
 y - 4 scrolls of enchant weapon {unknown}
 F - 3 scrolls of enchant armour {unknown}
 I - a scroll of acquirement {unknown}
 N - a scroll of brand weapon {unknown}
 O - a scroll of random uselessness {unknown}
 Q - a scroll of noise {unknown}
Potions
 d - a potion of lignification {unknown}
 f - 8 potions of heal wounds {unknown}
 i - 5 potions of flight {unknown}
 j - a potion of resistance {unknown}
 l - 3 potions of magic {unknown}
 o - 3 potions of might {unknown}
 p - 5 potions of haste {unknown}
 r - a potion of cancellation {unknown}
 s - 3 potions of mutation {unknown}
 t - 6 potions of curing {unknown}
 u - 2 potions of degeneration {unknown}
 x - a potion of invisibility {unknown}
 C - 3 potions of stabbing {unknown}
 D - a potion of brilliance {unknown}
 K - a potion of ambrosia {unknown}


   Skills:
 - Level 6.3 Fighting
 * Level 3.0 Dodging
 - Level 2.6 Stealth
 - Level 5.0 Shields
 - Level 5.0 Spellcasting
 - Level 10.7 Conjurations
 - Level 5.1 Earth Magic


You had 13 spell levels left.
You knew the following spells:

 Your Spells              Type           Power        Failure   Level
a - Magic Dart            Conj           ####         1%          1
b - Searing Ray           Conj           ######       1%          2
c - Stone Arrow           Conj/Erth      #####.       1%          3

Your spell library contained the following spells:

 Spells                   Type           Power        Failure   Level
 Dazzling Flash           Conj/Hex       ####..       1%          3
 Fulminant Prism          Conj/Hex       ####......   3%          4
 Iskenderun's Mystic Bla  Conj/Tloc      ####....     3%          4
 Corona                   Hex            #......      10%         1
 Ensorcelled Hibernation  Hex/Ice        #.....       14%         2
 Confusing Touch          Hex            #.......     28%         3
 Tukima's Dance           Hex            #.......     28%         3


Dungeon Overview and Level Annotations

Branches:
Dungeon (10/15)            Temple (0/1) D:7           Sewer (visited)
Ossuary (visited)
   Lair: D:8-11         Orc: D:9-12

Altars:
Cheibriados
Elyvilon
Fedhas
Ru
Uskayaw
Vehumet
Xom
Zin

Shops:
D:6 :[*[[

Annotations:
D:2 2 transporters


Innate Abilities, Weirdness & Mutations

You cannot wear most types of armour.
You are very stealthy in the water. (Stealth+)
You are amphibious.
You can wear up to eight rings at the same time.
You can use your tentacles to constrict eight enemies at once.
Your skin changes colour to match your surroundings (Stealth+).
Your rubbery body absorbs attacks. (AC +1, EV +1)


Message History

You block the troll's attack. The troll claws you!
You block the troll's attack.
Unknown command.
Okay, then.
Casting: Stone Arrow (safe; 1% risk of failure)
Confirm with . or Enter, or press ? or * to list all spells.
Aiming: Stone Arrow (safe; 1% risk of failure)
Press: ? - help, Shift-Dir - straight line, f/p - troll
Aim: a troll (lightly wounded)
The stone arrow hits the troll!
The troll is heavily wounded.
You block the troll's attack. The troll claws you! x2
* * * LOW HITPOINT WARNING * * *
Unknown command.
Evoke which item? (* to show all) (? for menu, Esc to quit)
Press: ? - help, Dir - move target cursor, p - troll You create a blast of noxious fumes!
The troll is engulfed in noxious fumes.
The troll appears confused.
The troll closely misses you. You block the troll's attack.
The troll claws you!
You die...

##### ######
.....###..#.##
##....#.......##
#.##...........##
..................
#..<..............
#...........##...
##......>@#.......
#...Z...#T#.......
.#.......##§?......
.........###§...$..
#.........# §§.....
#.........# ....#..
##........###..## #
.............##..
#.................#


You could see a troll (confused) and a worker ant zombie.

Vanquished Creatures
  Maurice (D:8)
  Joseph (D:8)
  A troll (D:10)
  Prince Ribbit (D:8)
  A wyvern (D:6)
  A yak (D:5)
  A water moccasin (D:6)
  An ice beast (D:7)
  A phantom (D:6)
  A sky beast (D:10)
  Purgy (D:3)
  A black bear (D:7)
  2 ogres (D:8)
  3 centaurs
  A big kobold (Sewer)
  3 bullfrogs
  13 scorpions
  A killer bee (D:9)
  5 wights (D:6)
  2 howler monkeys
  A bullfrog zombie (D:8)
  3 jellies
  A quasit (D:5)
  4 hounds
  2 human zombies (Ossuary)
  7 orc priests
  A centaur skeleton (D:7)
  7 orc wizards
  An iguana (D:7)
  11 worker ants
  3 big kobold zombies (Ossuary)
  A hound skeleton (D:5)
  3 mummies (Ossuary)
  A howler monkey zombie (D:10)
  3 gnolls (D:3)
  6 river rats
  2 scorpion zombies (Ossuary)
  7 adders
  An ufetubus (D:5)
  2 oozes
  An adder zombie (D:7)
  5 adder skeletons
  4 worms
  8 dart slugs
  2 leopard geckos
  30 orcs
  5 giant cockroaches
  A gnoll zombie (Ossuary)
  11 goblins
  8 hobgoblins
  5 jackals
  9 ball pythons
  9 bats
  6 frilled lizards
  4 goblin zombies (Ossuary)
  4 hobgoblin zombies (Ossuary)
  17 kobolds
  A kobold zombie (Ossuary)
  A leopard gecko zombie (D:5)
  28 rats
268 creatures vanquished.

Vanquished Creatures (others)
  A goblin zombie (Ossuary)
1 creature vanquished.

Grand Total: 269 creatures vanquished

Notes
Turn   | Place    | Note
-------+----------+-------------------------------------------
     0 | D:1      | gruber the Octopode Conjurer began the quest for the Orb.
     0 | D:1      | Reached XP level 1. HP: 11/11 MP: 3/3
   281 | D:1      | Reached XP level 2. HP: 17/17 MP: 1/5
   892 | D:1      | Reached XP level 3. HP: 21/21 MP: 6/6
   896 | D:1      | Learned a level 2 spell: Searing Ray
  1419 | D:2      | Reached skill level 5 in Conjurations
  1535 | D:2      | Found a blossoming altar of Fedhas.
  1752 | D:2      | Reached XP level 4. HP: 27/27 MP: 4/7
  2066 | D:2      | Found a glowing silver altar of Zin.
  2287 | D:2      | Found a transporter.
  2343 | D:2      | Found a transporter.
  2679 | D:3      | Noticed an ogre
  2798 | D:3      | Noticed Purgy
  3159 | D:3      | Reached XP level 5. HP: 31/31 MP: 6/9
  3332 | D:3      | Reached skill level 6 in Conjurations
  3553 | D:4      | Reached XP level 6. HP: 21/36 MP: 2/10
  3610 | D:4      | Found a sand-covered staircase.
  3614 | Ossuary  | Entered an ossuary
  4056 | Ossuary  | Reached skill level 7 in Conjurations
  4408 | Ossuary  | Reached XP level 7. HP: 41/41 MP: 8/12
  4827 | Ossuary  | HP: 2/41 [poisoned by a scorpion]
  5305 | Ossuary  | Reached skill level 8 in Conjurations
  6120 | D:4      | Reached XP level 8. HP: 46/46 MP: 12/15
  6530 | D:3      | Killed Purgy
  6530 | D:3      | Reached skill level 5 in Spellcasting
  6647 | D:5      | Entered Level 5 of the Dungeon
  6686 | D:5      | Noticed a yak
  6712 | D:5      | Killed a yak
  6712 | D:5      | Reached skill level 9 in Conjurations
  7017 | D:5      | Found a radiant altar of Vehumet.
  7025 | D:5      | Became a worshipper of Vehumet
  7057 | D:5      | Found a glowing drain.
  7098 | Sewer    | Entered a sewer
  7484 | Sewer    | Reached * piety under Vehumet
  7484 | Sewer    | Offered knowledge of Foxfire by Vehumet.
  7718 | Sewer    | Reached skill level 10 in Conjurations
  8245 | D:5      | Offered knowledge of Freeze by Vehumet.
  8309 | D:5      | Reached ** piety under Vehumet
  8438 | D:5      | Reached XP level 9. HP: 51/51 MP: 16/16
  8635 | D:6      | Found Tiuppy Bidoi's Antique Armour Emporium.
  8924 | D:6      | Found Synox's Antique Armour Emporium.
  8962 | D:6      | Bought a buckler for 108 gold pieces
  9009 | D:6      | Reached skill level 1 in Shields
  9268 | D:6      | Found Hofu Yche's Book Emporium.
  9545 | D:6      | Found Arumy's Antique Armour Shop.
  9856 | D:6      | Found Wuodieso's Assorted Antiques.
  9906 | D:6      | Reached skill level 5 in Shields
 10022 | D:7      | Found a sacrificial altar of Ru.
 10049 | D:7      | Found a hide-covered altar of Uskayaw.
 10075 | D:7      | Reached skill level 1 in Fighting
 10467 | D:7      | Found a staircase to the Ecumenical Temple.
 10596 | D:7      | Found a snail-covered altar of Cheibriados.
 10734 | D:7      | Offered knowledge of Stone Arrow by Vehumet.
 10739 | D:7      | Learned a level 3 spell: Stone Arrow
 11284 | D:8      | Noticed Maurice
 11431 | D:8      | Reached skill level 5 in Fighting
 11527 | D:8      | Noticed a two-headed ogre
 11537 | D:8      | Reached XP level 10. HP: 68/68 MP: 7/17
 11599 | D:8      | Noticed Prince Ribbit
 11605 | D:8      | Killed Prince Ribbit
 11706 | D:8      | Found a white marble altar of Elyvilon.
 11714 | D:8      | Reached skill level 1 in Earth Magic
 11720 | D:8      | Identified the cursed +0 leather armour of Resourcefulness
                  | {Dex+3}
 11726 | D:8      | Killed Maurice
 11823 | D:8      | Noticed Joseph
 11830 | D:8      | Killed Joseph
 12057 | D:8      | Reached *** piety under Vehumet
 13255 | D:9      | Found a shimmering altar of Xom.
 13362 | D:10     | Entered Level 10 of the Dungeon
 13372 | D:10     | Reached skill level 5 in Earth Magic
 13589 | D:10     | Slain by a troll

Illustrated notes

Levels and vault maps discovered:
D:1:      dpeg_arrival_court, layout_basic, minmay_box_of_dots
D:2:      minmay_spotlight, layout_basic, gammafunk_temple_overflow_arena,
          lemuel_coloured_pillars_altar
D:3:      layout_basic, uniq_purgy
D:4:      cheibrodos_old_hovel, layout_basic, enter_ossuary_5
D:5:      cheibrodos_fzero, layout_loops_corners, vehumet_crystals,
          portal_sewer_entry_a
D:6:      layout_basic, serial_shops, shop, shop,
          nicolae_shop_temple_entry_statues_fountains, shop,
          nicolae_shop_behind_doors
D:7:      layout_basic, eat_drink_and_be_merry_uskayaw, slow_altar_2,
          minmay_temple_entry_glassed_door, nicolae_ru_path_of_blood
D:8:      layout_basic, elyvilon_altar_3, uniq_joseph, uniq_maurice,
          uniq_prince_ribbit1
D:9:      layout_long_grid, tgw_xom
D:10:     layout_cave_pools, erik_lair_dragon, orc_0_dummy, basic_altar,
          enter_trove_5, lightli_corner_chamber

Skill      XL: |  1  2  3  4  5  6  7  8  9 10 |
---------------+-------------------------------+-----
Conjurations   | 5 6 7 8 10 | 10.7
Spellcasting   | 3 4 5 |  5.0
Shields        | 5 |  5.0
Fighting       | 5 6 |  6.3
Earth Magic    | 5 |  5.1
Dodging        | 3 |  3.0
Stealth        | |  2.6

Action                   |  1- 3 |  4- 6 |  7- 9 | 10-12 || total
-------------------------+-------+-------+-------+-------++-------
Melee: Unarmed           |    28 |    23 |       |       ||    51
       Constrict         |     9 |    12 |    30 |     4 ||    55
       Tentacles         |     5 |     8 |    17 |     1 ||    31
       Rapier            |       |    36 |    77 |       ||   113
       Short sword       |       |     9 |       |       ||     9
       Dagger            |       |       |    13 |       ||    13
       Hand axe          |       |       |    12 |     9 ||    21
Throw: Javelin           |     3 |       |       |       ||     3
 Cast: Magic Dart        |    30 |     9 |     3 |     8 ||    50
       Searing Ray       |     5 |    29 |    80 |    22 ||   136
       Stone Arrow       |       |       |     2 |     8 ||    10
Evoke: Wand              |       |       |     5 |     2 ||     7
 Stab: Sleeping          |     2 |     3 |     4 |     1 ||    10
Armor: Skin              |    10 |    11 |    11 |       ||    32
Dodge: Dodged            |    23 |    56 |    91 |    13 ||   183
Block: Buckler           |       |       |     6 |    15 ||    21

Table legend: (Time is in decaauts)
 A = Elapsed time spent in this place.
 B = Non-inter-level travel time spent in this place.
 C = Inter-level travel time spent in this place.
 D = Time resting spent in this place.
 E = Time spent auto-exploring this place.
 F = Levels seen in this place.
 G = Mean time per level.
                   A        B        C        D        E       F      G
               +--------+--------+--------+--------+--------+-----+--------+
         Total |  13620 |  13144 |    476 |   1010 |  10124 |  12 | 1135.0 |
       Dungeon |  10879 |  10403 |    476 |    357 |   8500 |  10 | 1087.9 |
         Sewer |    857 |    857 |      0 |      0 |    691 |   1 |  857.0 |
       Ossuary |   1883 |   1883 |      0 |    653 |    933 |   1 | 1883.0 |
               +--------+--------+--------+--------+--------+-----+--------+

Top non-repeatable levels by time:
 Ossuary: 1883 daAuts
     D:1: 1394 daAuts
     D:6: 1355 daAuts
     D:7: 1215 daAuts
     D:3: 1204 daAuts
     D:2: 1159 daAuts
     D:5: 1140 daAuts
     D:8: 1105 daAuts
     D:9: 1057 daAuts
     D:4: 1018 daAuts
   Sewer: 857 daAuts
    D:10: 227 daAuts
